 Dungeon Crawl Stone Soup version 0.17-a0-2127-g1cb09f6 (webtiles) character file.

20 wvc the Skirmisher (level 2, 0/24 HPs)
             Began as a Minotaur Wizard on Oct 23, 2015.
             Slain by a worm (2 damage)
             ... on level 1 of the Dungeon.
             The game lasted 00:03:34 (1828 turns).

wvc the Skirmisher (Minotaur Wizard)                Turns: 1828, Time: 00:03:34

Health: 0/24       AC:  4    Str: 11    XL:     2   Next: 58%
Magic:  0/4        EV: 12    Int: 15    God:
Gold:   29         SH:  0    Dex:  8    Spells: 1 memorised, 4 levels left

rFire  . . .     SeeInvis .     k - +0 short sword
rCold  . . .     Clarity  .     a - +0 robe
rNeg   . . .     SustAt   .     (no shield)
rPois  .         Gourm    .     b - +1 hat
rElec  .         Spirit   .     (no cloak)
rCorr  .         Warding  .     (no gloves)
rMut   .         Stasis   .     (no boots)
MR     .....                    (no amulet)
Stlth  +.........               (no ring)
                                i - +1 ring of protection

@: very slightly contaminated, not resistant to hostile enchantments, very
unstealthy
A: retaliatory headbutt, horns 2
a: no special abilities


You were on level 1 of the Dungeon.
You were very hungry.

You visited 1 branch of the dungeon, and saw 1 of its levels.

You collected 29 gold pieces.

Inventory:

Hand Weapons
 f - a +0 club
 k - a +0 short sword (weapon)
Missiles
 e - 88 stones (quivered)
Armour
 a - a +0 robe (worn)
 b - a +1 hat (worn)
Jewellery
 i - a +1 ring of protection (left hand)
Potions
 l - 2 potions of curing
 m - a potion of brilliance {unknown}
Books
 c - a book of Minor Magic

   Spells                             Type                      Level
   a - Magic Dart                     Conjuration                  1
   b - Blink                          Translocation                2
   c - Call Imp                       Summoning                    2
   d - Repel Missiles                 Charms/Air                   2
   e - Slow                           Hexes                        2
   f - Conjure Flame                  Conjuration/Fire             3
   g - Mephitic Cloud                 Conjuration/Poison/Air       3
Comestibles
 d - 2 bread rations


   Skills:
 + Level 2.3 Fighting
 * Level 1.3 Maces & Flails
 - Level 2.1 Dodging
 - Level 1.5 Stealth
 - Level 2.1 Spellcasting
 - Level 0.6 Conjurations
   Level 0.6 Summonings
   Level 0.6 Translocations


You had 4 spell levels left.
You knew the following spells:

 Your Spells              Type           Power        Failure   Level  Hunger
a - Magic Dart            Conj           #...         17%         1    #......


Dungeon Overview and Level Annotations

Branches:
Dungeon (1/15)

Altars:

Annotations:
D:1 exclusion: door


Innate Abilities, Weirdness & Mutations

You reflexively headbutt those who attack you in melee.
You have a pair of horns on your head.


Message History

The magic dart hits the worm.
The worm is lightly wounded.
Casting: Magic Dart
Confirm with . or Enter, or press ? or * to list all spells.
Aiming: Magic Dart
Press: ? - help, Shift-Dir - straight line, f/p - worm
Aim: a worm (lightly wounded)
You miscast Magic Dart.
Nothing appears to happen.
The worm bites you!
You hit the worm. Your headbutt misses the worm.
The worm is moderately wounded.
You hit the worm.
The worm is heavily wounded.
The worm bites you!
* * * LOW HITPOINT WARNING * * *
You hit the worm.
The worm is severely wounded.
You hit the worm.
The worm is almost dead.
The worm bites you.
You die...

#.......####..........##
#..........'..........#
#.#+########..........#
#.#.#......+..........#
##########.#.#.#..#.#..........#
...........#.w.#...w#..........#
.......#########(.#............#
.......# #.....(.#.#..........#
.......# #.....@w...###########
.......####..........#
.......'.##..........#
.......#.##..........#
.......#.#####..######
.......#.....#..#################
########..##.#..#...'.....<.....'
#..##.#..#################
#####...#.#....# ######..#..


You could see a worm.

Vanquished Creatures
  A giant gecko (D:1)
  2 bats (D:1)
  5 hobgoblins (D:1)
  4 kobolds (D:1)
  6 rats (D:1)
18 creatures vanquished.

Notes
Turn   | Place    | Note
--------------------------------------------------------------
     0 | D:1      | wvc the Minotaur Wizard began the quest for the Orb.
     0 | D:1      | Reached XP level 1. HP: 14/14 MP: 2/2
   147 | D:1      | Reached skill level 1 in Fighting
   715 | D:1      | Reached XP level 2. HP: 24/24 MP: 4/4
  1259 | D:1      | Reached skill level 1 in Maces & Flails
  1490 | D:1      | HP: 1/24 [worm (10)]
  1828 | D:1      | Slain by a worm

Vault maps used:
D:1:      evilmike_arrival_run_for_it

Action                   || total
-------------------------++-------
Melee: Dagger            ||    18
       Unarmed           ||     3
       Short sword       ||    45
Throw: Stone             ||    33
 Cast: Magic Dart        ||    15
  Use: Scroll            ||     4
 Stab: Sleeping          ||     1
  Eat: Chunk             ||     2
